 Dungeon Crawl Stone Soup version 0.24-a0-580-g6a6c3f83c1 (webtiles) character file.

Game seed: 3230969185540959977

97 Gynju the Slasher (level 4, -1/36 HPs)
             Began as a Barachi Fighter on Aug 22, 2019.
             Killed from afar by Natasha (5 damage)
             ... with a magic dart
             ... on level 2 of the Dungeon.
             The game lasted 00:02:37 (1499 turns).

Gynju the Slasher (Barachi Fighter)                 Turns: 1499, Time: 00:02:38

Health: -1/36      AC:  8    Str: 18    XL:     4   Next: 68%
Magic:  4/4        EV:  7    Int:  9    God:
Gold:   73         SH:  9    Dex: 11    Spells: 3/3 levels left

rFire    . . .     SeeInvis .   a - +0 long sword
rCold    . . .     Gourm    .   c - +0 shield
rNeg     . . .     Faith    .   b - +0 scale mail
rPois    .         Spirit   .   (no helmet)
rElec    .         Reflect  .   (no cloak)
rCorr    .         Harm     .   h - +0 pair of gloves
MR       .....                  (no boots)
Stlth    ..........             (no amulet)
HPRegen  0.12/turn              (no ring)
MPRegen  0.09/turn              (no ring)

@: slowed, very slow
A: +LOS, swims, slowness 1, strong legs 1
a: Hop


You were on level 2 of the Dungeon.
You were not hungry.

You visited 1 branch of the dungeon, and saw 2 of its levels.

You collected 73 gold pieces.

Inventory:

Hand Weapons
 a - a +0 long sword (weapon)
Missiles
 e - 13 poisoned darts (quivered)
Armour
 b - a +0 scale mail (worn)
 c - a +0 shield (worn)
 h - a +0 pair of gloves (worn)
Jewellery
 g - an uncursed ring of fire {unknown}
Scrolls
 i - a scroll of remove curse {unknown}
 j - 2 scrolls of teleportation {unknown}
Potions
 d - a potion of might
 k - a potion of brilliance {unknown}
Comestibles
 f - 6 rations
 l - a chunk of flesh


   Skills:
 - Level 3.6 Fighting
 + Level 5.7 Long Blades
 - Level 3.6 Armour
 - Level 3.2 Shields


You had 3 spell levels left.
You didn't know any spells.
Your spell library was empty.

Dungeon Overview and Level Annotations

Branches:
Dungeon (2/15)

Altars:
Okawaru

Annotations:
D:2 Natasha


Innate Abilities, Weirdness & Mutations

Shadows flee at your approach. (+LOS)
You can swim through water.
You cover ground slowly.
You can hop short distances.


Message History

The crimson imp hits you but does no damage.
You hit Natasha.
Natasha is heavily wounded.
You block Natasha's attack. You block the crimson imp's attack.
Natasha mumbles some strange words.
The crimson imp completely misses you.
You hit Natasha.
Natasha is severely wounded.
Natasha growls.
You block Natasha's attack. The crimson imp hits you.
* * * LOW HITPOINT WARNING * * *
The crimson imp puffs mist at you. You block the crimson imp's attack.
Natasha claws you but does no damage. The crimson imp barely misses you.
The crimson imp hits you but does no damage.
You hit Natasha.
Natasha is almost dead.
Natasha casts a spell at you. The magic dart hits you.
You die...

.....# #.
.....#... .......#
......## # #
......####. #.
............#.## #
รท...###.###...?.
#. (# #..##
##......######.
..# ##.#
#......h@5..# . ..
#..# .......5#.#.#
.##.# ...#
........#.#.#
....# ..##
#......##.#.###..#
.## #....?.
#.#..##># .#
#...... #..#....#
.# #.....
##.###.)# ##
##.... #.##...## #
##..< #.[.....#


You could see Natasha and 2 crimson imps.

Vanquished Creatures
  Natasha (twice) (D:2)
  2 adders (D:2)
  2 leopard geckos
  A giant cockroach (D:2)
  2 goblins (D:1)
  4 hobgoblins (D:1)
  6 kobolds
  A ball python (D:1)
  4 bats (D:1)
  3 frilled lizards
  3 rats
30 creatures vanquished.

Notes
Turn   | Place    | Note
-------+----------+-------------------------------------------
     0 | D:1      | Gynju the Barachi Fighter began the quest for the Orb.
     0 | D:1      | Reached XP level 1. HP: 18/18 MP: 1/1
   198 | D:1      | Reached skill level 3 in Long Blades
   265 | D:1      | Reached XP level 2. HP: 24/24 MP: 2/2
   710 | D:1      | Reached skill level 4 in Long Blades
  1042 | D:2      | Noticed Natasha
  1051 | D:2      | Killed Natasha
  1051 | D:2      | Reached XP level 3. HP: 10/29 MP: 3/3
  1273 | D:2      | Reached skill level 5 in Long Blades
  1273 | D:2      | Reached XP level 4. HP: 36/36 MP: 4/4
  1282 | D:2      | Found an iron altar of Okawaru.
  1288 | D:2      | Noticed Natasha
  1295 | D:2      | Killed Natasha
  1397 | D:2      | Noticed Natasha
  1499 | D:2      | Killed from afar by Natasha

Levels and vault maps discovered:
D:1:      mainiacjoe_arrival_reflecting_pool, layout_loops_corners,
          minmay_statues_item
D:2:      layout_rooms, minmay_misc_feat_encased, okawaru_ov_weapons_minmay,
          uniq_natasha

Skill      XL: |  1  2  3 |
---------------+----------+-----
Long Blades    | 3 4 5 |  5.7
Fighting       | |  3.6
Armour         | |  3.6
Shields        | |  3.2

Action                   |  1- 3 |  4- 6 || total
-------------------------+-------+-------++-------
Melee: Long sword        |    70 |    39 ||   109
  Eat: Chunk             |     1 |     2 ||     3
Armor: Scale mail        |    27 |    24 ||    51
Dodge: Dodged            |    12 |    11 ||    23
Block: Shield            |    31 |    26 ||    57
       Rpst.: Long sword |     2 |     2 ||     4

Table legend:
 A = Non-vault XP
 B = Vault XP
 C = Vault XP percentage of total XP
 D = Non-vault monster count
 E = Vault monster count
 F = Vault count percentage of total count
                 A         B        C        D         E       F
            +---------+---------+-------+---------+---------+-------
      Total |     104 |      35 |  25.2 |      29 |       1 |   3.3
            +---------+---------+-------+---------+---------+-------
        D:1 |      31 |       0 |   0.0 |      20 |       0 |   0.0
        D:2 |      73 |      35 |  32.4 |       9 |       1 |  10.0
            +---------+---------+-------+---------+---------+-------
